 Dungeon Crawl Stone Soup version 0.28-a0-872-g80cf8599ee (webtiles) character file.

Game seed: 6121126544358239913

290762 ytrimaz the Brawler (level 19, -4/150 (153) HPs)
             Began as a Demonspawn Fighter on Nov 20, 2021.
             Was a High Priest of Okawaru.
             Splashed by an acid blob's acid (9 damage)
             ... on level 5 of the Lair of Beasts.
             The game lasted 02:13:48 (43572 turns).

ytrimaz the Brawler (Demonspawn Fighter)           Turns: 43572, Time: 02:13:51

HP:   -4/150 (153)  AC: 34    Str: 31    XL:     19   Next: 94%
MP:   0/30          EV: 14    Int: 14    God:    Okawaru [*****.]
Gold: 883           SH: 12    Dex: 21    Spells: 18/18 levels left

rFire   + + +      SeeInvis .     - Unarmed
rCold   + + .      Faith    .   Y - +2 buckler of Focus {rF++}
rNeg    . . .      Spirit   +   s - +10 plate armour of the Well-Known Spirits {Harm rElec Dex+7}
rPois   +          Reflect  .   l - +2 hat
rElec   +          Harm     +   z - scarf {rC+ rF+}
rCorr   .          Rampage  .   (gloves unavailable)
Will    ++...                   A - +1 pair of boots "Wuexkoab" {+Blink rF+ Will+ Str+8}
Stlth   ++........              B - amulet of Doas {RegenMP rC+ Regen+ Int+3}
HPRegen 1.35/turn               F - ring "Qyll" {rPois Int+3 Slay+4}
MPRegen 0.69/turn               j - ring of Greed {AC+4 Slay+4 Stlth+}

@: heroic, finesse-ful, corroded, studying 2 skills, lightly drained
A: ignite blood 3, augmentation 1, magic shield, magic regeneration, magic link,
sturdy frame 3, demonic touch 3, dopey 1, high mp 1
}: 2/15 runes: barnacled, gossamer
a: Renounce Religion, Evoke Blink, Heroism, Finesse, Duel


You were on level 5 of the Lair of Beasts.
You worshipped Okawaru.
Okawaru was extremely pleased with you.
You visited 8 branches of the dungeon, and saw 36 of its levels.
You visited the Abyss 2 times.
You also visited: Sewer, Gauntlet and Ice Cave.

You collected 5038 gold pieces.
You spent 4155 gold pieces at shops.

Inventory:

Hand Weapons
 O - the +8 frozen axe "Frostbite" {freezing cloud, *Noise Fly rC+}
   (You took it off a deep elf annihilator on level 3 of the Elven Halls)

   It freezes those it strikes, dealing additional cold damage.
   It can also slow down cold-blooded creatures.
   It occasionally leaves clouds of freezing vapour upon striking a foe.
   It grants immunity to clouds of freezing vapour.
   rC:        It protects you from cold.
   Fly:       It grants you flight.
   *Noise:    It may make noises in combat.
Missiles
 a - 4 atropa-tipped darts
 m - 20 boomerangs (quivered)
 p - 14 throwing nets
 v - 7 curare-tipped darts
 x - 79 poisoned darts
 P - 19 silver javelins
 V - 13 javelins
Armour
 l - a +2 hat (worn)
 n - a +2 kite shield of poison resistance
 s - the +10 plate armour of the Well-Known Spirits (worn) {Harm rElec Dex+7}
   (Okawaru gifted it to you on level 4 of the Shoals)

   Dex:       It affects your dexterity (+7).
   rElec:     It insulates you from electricity.
   Harm:      It increases damage dealt and taken.
 z - a scarf of resistance (worn)
 A - the +1 pair of boots "Wuexkoab" (worn) {+Blink rF+ Will+ Str+8}
   (You bought it in a shop on level 2 of the Dungeon)

   Str:       It affects your strength (+8).
   rF:        It protects you from fire.
   +Blink:    It lets you blink.
   Will:      It increases your willpower.
 Q - a +3 tower shield of fire resistance
 T - a +2 crystal plate armour
 X - a scarf of repulsion
 Y - the +2 buckler of Focus (worn) {rF++}
   (You found it on level 3 of the Elven Halls)

   rF:        It greatly protects you from fire.
 Z - the +1 crystal plate armour of the First Snow {Will+}
   (Okawaru gifted it to you on level 5 of the Lair of Beasts)

   Will:      It increases your willpower.
Jewellery
 g - the ring of Riogeggant {rN+ MP+9 Str+6 Dex+3}
   (You took it off a merfolk on level 2 of the Shoals)

   [ring of strength]

   Str:       It affects your strength (+6).
   Dex:       It affects your dexterity (+3).
   rN:        It protects you from negative energy.
   MP:        It affects your magic capacity (+9).
 j - the ring of Greed (right hand) {AC+4 Slay+4 Stlth+}
   (You bought it in a shop on level 1 of the Elven Halls)

   [ring of protection]

   AC:        It affects your AC (+4).
   Slay:      It affects your accuracy & damage with ranged weapons and melee
   (+4).
   Stlth:     It makes you more stealthy.
 B - the amulet of Doas (around neck) {RegenMP rC+ Regen+ Int+3}
   (You bought it in a shop on level 2 of the Dungeon)

   [amulet of magic regeneration]

   It increases your rate of magic regeneration.
   Int:       It affects your intelligence (+3).
   rC:        It protects you from cold.
   Regen:     It increases your rate of health regeneration.
 D - the ring of the Hare {EV+8}
   (You took it off a deep elf annihilator on level 3 of the Elven Halls)

   [ring of evasion]

   EV:        It affects your evasion (+8).
 F - the ring "Qyll" (left hand) {rPois Int+3 Slay+4}
   (You acquired it on level 2 of the Orcish Mines)

   [ring of slaying]

   Int:       It affects your intelligence (+3).
   Slay:      It affects your accuracy & damage with ranged weapons and melee
   (+4).
   rPois:     It protects you from poison.
 R - an amulet of regeneration
Scrolls
 b - 4 scrolls of magic mapping
 d - 9 scrolls of fear
 e - 6 scrolls of noise
 h - 2 scrolls of fog
 i - a scroll of immolation
 o - 2 scrolls of teleportation
 q - 12 scrolls of amnesia
 t - 15 scrolls of identify
 E - 4 scrolls of blinking
 K - 4 scrolls of silence
Potions
 f - 3 potions of flight
 k - 9 potions of curing
 u - 8 potions of haste
 C - 6 potions of might
 G - 2 potions of lignification
 H - 3 potions of berserk rage
 I - 3 potions of heal wounds
 J - 10 potions of ambrosia
 L - 3 potions of resistance
 M - 4 potions of brilliance
 N - 2 potions of mutation
 S - 4 potions of magic
 W - 2 potions of attraction


   Skills:
 * Level 14.4(19.4) Fighting
 + Level 1.8(6.8) Axes
 * Level 10.9(15.9) Throwing
 + Level 15.5(20.5) Armour
 * Level 14.6(19.6) Shields
 - Level 20.0(25.0) Unarmed Combat
 - Level 12.0 Invocations
 * Level 4.3 Evocations


You had 18 spell levels left.
You didn't know any spells.
Your spell library contained the following spells:

 Spells                   Type           Power      Damage    Failure   Level
 Apportation              Tloc           0%         N/A       45%         1
 Slow                     Hex            0%         N/A       45%         1
 Sting                    Tmut/Pois      0%         1d3       45%         1
 Blink                    Tloc           0%         N/A       61%         2
 Ensorcelled Hibernation  Hex/Ice        0%         N/A       61%         2
 Passwall                 Tmut/Erth      0%         N/A       61%         2
 Poisonous Vapours        Pois/Air       0%         N/A       61%         2
 Confusing Touch          Hex            0%         N/A       83%         3
 Gell's Gravitas          Tloc           0%         N/A       83%         3
 Inner Flame              Hex/Fire       0%         N/A       83%         3
 Lesser Beckoning         Tloc           0%         N/A       83%         3
 Ozocubu's Armour         Ice            0%         N/A       83%         3
 Spider Form              Tmut/Pois      0%         N/A       83%         3
 Swiftness                Air            0%         N/A       83%         3
 Teleport Other           Tloc           0%         N/A       83%         3
 Vampiric Draining        Necr           0%         2d6       83%         3
 Cause Fear               Hex            0%         N/A       99%         4
 Olgreb's Toxic Radiance  Pois           0%         N/A       99%         4
 Passage of Golubria      Tloc           0%         N/A       99%         4
 Alistair's Intoxication  Tmut/Pois      0%         N/A       100%        5
 Manifold Assault         Tloc           0%         N/A       100%        5
 Metabolic Englaciation   Hex/Ice        0%         N/A       100%        5
 Yara's Violent Unravell  Hex/Tmut       0%         3d3       100%        5
 Dragon Form              Tmut           0%         N/A       100%        7
 Storm Form               Tmut/Air       0%         N/A       100%        7
 Discord                  Hex            0%         N/A       100%        8
 Animate Skeleton         Necr           Unusable   N/A       N/A         1
 Summon Small Mammal      Summ           Unusable   N/A       N/A         1
 Tukima's Dance           Hex            Unusable   N/A       N/A         3
 Simulacrum               Ice/Necr       Unusable   N/A       N/A         6
 Dragon's Call            Summ           Unusable   N/A       N/A         9

Dungeon Overview and Level Annotations

Branches:
Dungeon (15/15)            Temple (1/1) D:5            Lair (6/6) D:10
 Shoals (4/4) Lair:3       Spider (4/4) Lair:3        Slime (1/5) Lair:5
    Orc (2/2) D:11            Elf (3/3) Orc:2        Vaults (0/5) D:14
 Depths (0/4) D:15          Sewer (visited)           IceCv (visited)
Gauntlet (visited)

Altars:
Ashenzari
Cheibriados
Dithmenos
Elyvilon
Fedhas
Gozag
Hepliaklqana
Kikubaaqudgha
Makhleb
Nemelex Xobeh
Okawaru
Qazlal
Ru
Sif Muna
Trog
Uskayaw
Vehumet
Wu Jian
Xom
Yredelemnul
Zin
The Shining One
Beogh
Jiyva
Lugonu

Shops:
D:1 [   D:2 =[(   D:8 !   D:10 *   D:11 :   D:12 *[   Orc:2 ?[!!   Elf:1 ***?!
Elf:3 [

Portals:
Abyss: Lair:6

Annotations:
D:8 2 transporters
D:9 2 transporters, tonyyikes's ghost, novice SpCj


Innate Abilities, Weirdness & Mutations

Your demonic aura causes all spilled blood to erupt in flames.
Your magical and physical power is slightly enhanced at high health.
When hurt, damage is shared between your health and your magic reserves.
You regenerate magic rapidly.
When low on magic, you restore magic in place of health.
Your movements are significantly less encumbered by armour. (ER -6)
Your touch may irresistibly damage your foes and sap their willpower.
You are dopey. (Int -2)
You have an increased reservoir of magic. (+10% MP)


Message History

Okawaru accepts your kill.
You gasp with relief as air once again reaches your lungs.
The acid blob closely misses you. The slime creature closely misses you.
Unknown command.
You pummel the great orb of eyes!!
The great orb of eyes is severely wounded.
The large slime creature hits you!!
Unknown command.
You hit the great orb of eyes.
The great orb of eyes is severely wounded.
The great orb of eyes gazes at you.
You easily resist.
You block the slime creature's attack.
Unknown command.
You pummel the great orb of eyes like a punching bag!!!
You kill the great orb of eyes!
Okawaru accepts your kill.
Unknown command.
Unknown command.
Unknown command.
The acid blob hits you.
You are splashed with acid!
The slime creature is engulfed in blazing flames.
You block the slime creature's attack.
Two slime creatures merge to form a very large slime creature.
Two slime creatures merge to form a large slime creature.
The slime creature hits you!
* * * LOW HITPOINT WARNING * * *
The acid blob is engulfed in blazing flames.
You block the acid blob's attack.
The very large slime creature closely misses you.
You climb upwards.
Welcome back to the Lair of Beasts!
There is a staircase to the Slime Pits here.
Unknown command.
Unknown command.
The very large slime creature hits you!
* * * LOW HITPOINT WARNING * * *
The acid blob is engulfed in blazing flames.
The acid blob hits you!
* * * LOW HITPOINT WARNING * * *
You are splashed with acid!
You die...

.^.## #....P.#....##.....#
##### #.P.#
#P....##.....##....###### #...#
##...)####....#.....P#..###
...## #.....##
#....#...........# ...#
#.#....####..####........#.
#..# ###....#.....# #.#......##
..##### ###.##.._J##
###....####
#.###.########..JJ.# #P.P...#
#...#..P#P...#.J@J.# ##....##
#..............ยงยง..# ##..#.#
###P#.##.#P..##....#### ##.P.##
###########.#.......####....P##
###.#.....#.#.#......
##.#...............
###P..............
##.....P........
##...P...#.##.#


You could see an acid blob, 2 very large slime creatures and 2 slime creatures.

Vanquished Creatures
  Nikola (Spider:1)
  Arachne (Arena)
  A bone dragon (Abyss:3)
  Mlioglotl (Shoals:2)
  Asterion (Spider:2)
  2 deep elf master archers (Elf:3)
  2 acid blobs (Slime:1)
  A deep elf blademaster (Elf:3)
  Polyphemus (Shoals:2)
  A kraken (Shoals:4)
  A tentacled starspawn (Abyss:3)
  Kirke (D:15)
  Ilsuiw (Shoals:2)
  3 ghost moths (Spider:4)
  5 deep elf sorcerers
  2 emperor scorpions
  Aizul (Spider:4)
  6 deep elf elementalists (Elf:3)
  2 quicksilver oozes
  A very ugly thing (Abyss:3)
  2 deep elf demonologists (Elf:3)
  A stone giant (D:15)
  6 deep elf annihilators
  A minotaur (Gauntlet)
  Azrael (D:15)
  3 entropy weavers
  3 spark wasps
  8 merfolk javelineers
  The ghost of siradein the Fighter, a journeyman DsCK of Xom (Lair:2)
  4 deep elf death magi
  13 merfolk impalers
  2 spectral krakens (Shoals:2)
  A deep elf high priest (Elf:3)
  A great orb of eyes (Slime:1)
  Fannar (D:10)
  Harold (D:10)
  The ghost of Esoa the Eternal Night, a journeyman DsMo of Dithmenos (Lair:3)
  6 boulder beetles
  A death knight (D:11)
  12 hydras
  2 ghost crabs (Shoals:2)
  A two-headed ogre (D:9)
  2 catoblepae
  2 merfolk avatars
  3 centaur warriors
  2 satyrs
  3 alligator snapping turtles
  3 tengu warriors
  9 death yaks
  3 merfolk aquamancers
  3 thrashing horrors (Lair:6)
  25 dancing weapons
  6 orc high priests (Orc:2)
  A sun demon (Abyss:3)
  Nergalle (Lair:1)
  2 wretched stars (Abyss:3)
  15 deep elf knights
  4 skeletal warriors
  A sixfirhy (Abyss:3)
  A kraken simulacrum (Shoals:4)
  16 sea snakes
  An obsidian statue (D:13)
  2 lindwurms
  2 wizards
  8 deep elf archers
  3 orc knights (D:15)
  18 deep elf pyromancers
  2 necromancers
  27 harpies
  23 wolf spiders
  19 deep elf zephyrmancers
  19 orb spiders
  2 spectral merfolk (Shoals:2)
  6 cyclopes
  2 moths of wrath
  15 ugly things
  15 manticores
  An orc sorcerer (Orc:2)
  An oklob plant (Lair:2)
  16 fauns
  10 elephants
  2 black mambas
  A guardian serpent (Abyss:3)
  18 merfolk sirens
  2 smoke demons
  2 torpor snails
  An ice statue (IceCv)
  14 cane toads
  An eye of devastation (Slime:1)
  Maggie (D:7)
  2 water nymphs
  Psyche (D:9)
  8 komodo dragons
  An unseen horror (Abyss:3)
  A kobold demonologist (D:11)
  An orange demon (Abyss:3)
  13 ice devils (IceCv)
  A spectral sea snake (Shoals:2)
  5 freezing wraiths
  9 rime drakes
  A hellwing (Abyss:1)
  3 entropy weaver simulacra (IceCv)
  11 demonic crawlers
  2 efreet
  2 tengu conjurers
  2 anaconda simulacra (IceCv)
  A spectral water nymph (Shoals:2)
  50 merfolk
  2 ancient zymes
  A harpy zombie (Abyss:1)
  5 trolls
  Grinder (D:6)
  A meliai (shapeshifter) (D:14)
  20 slime creatures
  42 jumping spiders
  A queen bee (Lair:3)
  9 wind drakes
  3 meliai (D:14)
  Prince Ribbit (D:9)
  6 hornets
  A blink frog (shapeshifter) (D:14)
  14 snapping turtles
  A spectral manticore (Shoals:2)
  3 raiju (Abyss:1)
  29 blink frogs
  14 dream sheep
  An air elemental (Elf:1)
  A spectral wind drake (Shoals:2)
  5 wraiths
  A spriggan (Lair:6)
  A vampire (D:12)
  3 wyverns
  25 yaks
  A hog (D:15)
  69 redbacks
  22 tarantellas
  15 water elementals
  5 ynoxinuls
  2 dire elephant simulacra (IceCv)
  A fire bat (D:4)
  3 chaos spawn (Lair:6)
  A steam dragon (D:6)
  13 basilisks
  Grum (D:10)
  3 humans (D:15)
  12 small abominations
  A neqoxec (Abyss:3)
  3 death yak simulacra (IceCv)
  5 fire elementals
  3 vampire mosquitoes (D:13)
  A warg (Orc:2)
  2 harpy simulacra
  A spectral snapping turtle (Shoals:2)
  4 acid dragons
  6 hell hounds
  29 water moccasins
  3 large abominations
  20 orc warriors
  A sky beast (D:8)
  A black bear (Lair:1)
  An ice beast (D:6)
  12 wolves
  6 ogres
  15 centaurs
  2 phantoms
  A kobold brigand (D:9)
  12 bullfrogs
  4 earth elementals
  3 gnoll sergeants
  2 scorpions
  3 cane toad simulacra (IceCv)
  A wyvern skeleton (D:6)
  4 elephant simulacra (IceCv)
  10 killer bees
  8 wights
  5 howler monkeys
  An electric eel (Lair:4)
  5 centaur zombies
  33 orc priests
  2 hounds
  4 iguanas
  3 jellies
  A bullfrog skeleton (D:5)
  36 orc wizards
  5 polar bear simulacra (IceCv)
  2 troll simulacra (IceCv)
  8 hell rats (Lair:5)
  A spriggan simulacrum (IceCv)
  5 wolf simulacra (IceCv)
  A hound zombie (D:5)
  2 hound skeletons
  A howler monkey skeleton (D:5)
  14 gnolls
  A river rat (Lair:5)
  25 adders
  6 white imps
  3 worms
  An adder skeleton (D:4)
  3 dart slugs
  74 orcs
  7 bats
  13 endoplasms
  17 giant cockroaches
  3 goblins
  5 hobgoblins
  2 jackals (D:1)
  13 quokkas
  16 ball pythons
  14 frilled lizards
  8 kobolds
  A quokka skeleton (D:4)
  19 rats
  7 tentacles
1427 creatures vanquished.

Vanquished Creatures (others)
  A sea snake (Shoals:2)
  A deep elf zephyrmancer (Elf:1)
  A faun (Shoals:2)
  A demonic crawler (Spider:1)
  A redback (Spider:2)
  A water moccasin (Lair:4)
  2 humans
  A boggart (Elf:1)
  An orc priest (Orc:2)
  24 fungi
  139 plants
  4 starspawn tentacles (Abyss:3)
  36 tentacles
  12 withered plants (Shoals:2)
225 creatures vanquished.

Grand Total: 1652 creatures vanquished

Notes
Turn   | Place    | Note
-------+----------+-------------------------------------------
     0 | D:1      | ytrimaz the Demonspawn Fighter began the quest for the Orb.
     0 | D:1      | Reached XP level 1. HP: 18/18 MP: 1/1
   253 | D:1      | Found Iptiot's Armour Emporium.
   411 | D:1      | Gained mutation: Your touch may inflict minor irresistible
                  | damage on your foes. [demonic ancestry]
   411 | D:1      | Reached XP level 2. HP: 24/24 MP: 2/2
  1047 | D:2      | Gained mutation: Your movements are slightly less
                  | encumbered by armour. (ER -2) [demonic ancestry]
  1047 | D:2      | Reached XP level 3. HP: 29/29 MP: 3/3
  1128 | D:2      | Found an iron altar of Okawaru.
  1145 | D:2      | Found Avycay's Weapon Shop.
  1148 | D:2      | Became a worshipper of Warmaster Okawaru
  1309 | D:2      | Found Sor Dun's Armour Boutique.
  1345 | D:2      | Found Foschan's Jewellery Boutique.
  1722 | D:2      | Reached skill level 1 in Unarmed Combat
  2758 | D:3      | Reached XP level 4. HP: 27/35 MP: 4/4
  2899 | D:3      | Reached skill level 1 in Invocations
  3983 | D:4      | Found a sparkling altar of Nemelex Xobeh.
  4078 | D:4      | Found a glowing drain.
  4106 | Sewer    | Entered a sewer
  4266 | Sewer    | Reached XP level 5. HP: 40/41 MP: 5/5
  4721 | Sewer    | Reached XP level 6. HP: 33/48 MP: 6/6
  5047 | D:4      | Found an iron altar of Okawaru.
  5206 | D:4      | Reached * piety under Okawaru
  5959 | D:4      | Noticed a fire bat
  6180 | D:5      | Entered Level 5 of the Dungeon
  6239 | D:5      | Reached skill level 2 in Unarmed Combat
  6331 | D:5      | Gained mutation: You regenerate magic rapidly. [demonic
                  | ancestry]
  6331 | D:5      | Reached XP level 7. HP: 37/55 MP: 5/8
  6340 | D:5      | Reached skill level 3 in Unarmed Combat
  6367 | D:5      | Found a broken altar of Ashenzari.
  6497 | D:5      | Found a staircase to the Ecumenical Temple.
  6526 | Temple   | Entered the Ecumenical Temple
  6622 | D:5      | Found a stormy altar of Qazlal.
  6822 | D:5      | Reached skill level 4 in Unarmed Combat
  6858 | D:5      | Found a shimmering blue altar of Sif Muna.
  6885 | D:5      | Reached skill level 5 in Armour
  7182 | D:6      | Noticed a steam dragon
  7216 | D:6      | Found a shimmering altar of Xom.
  7235 | D:7      | Reached ** piety under Okawaru
  7236 | D:7      | Gained mutation: When hurt, damage is shared between your
                  | health and your magic reserves. [demonic ancestry]
  7236 | D:7      | Reached XP level 8. HP: 47/61 MP: 10/10
  7334 | D:7      | Found an opulent altar of Gozag.
  7361 | D:7      | Reached skill level 5 in Unarmed Combat
  7382 | D:7      | Noticed Maggie
  7394 | D:7      | Killed Maggie
  7395 | D:7      | Reached skill level 6 in Unarmed Combat
  7561 | D:7      | Found a hazy altar of Hepliaklqana.
  7750 | D:7      | Reached skill level 7 in Unarmed Combat
  7757 | D:7      | Reached skill level 5 in Invocations
  7798 | D:7      | Reached *** piety under Okawaru
  8122 | D:6      | Found a sacrificial altar of Ru.
  8158 | D:6      | Gained mutation: When low on magic, you restore magic in
                  | place of health. [demonic ancestry]
  8158 | D:6      | Reached XP level 9. HP: 65/66 MP: 12/12
  8260 | D:6      | Noticed Grinder
  8299 | D:6      | Killed Grinder
  8300 | D:6      | Reached skill level 8 in Unarmed Combat
  9590 | D:8      | Found a transporter.
  9592 | D:8      | Found a transporter.
  9592 | D:8      | Found a viscous altar of Jiyva.
  9854 | D:8      | Reached skill level 9 in Unarmed Combat
 10065 | D:8      | Found an ornate altar of the Wu Jian Council.
 10087 | D:8      | Found Vaush's Distillery.
 10164 | D:8      | Reached skill level 5 in Fighting
 10686 | D:8      | Identified the +7 hand axe of Quxean {elec, rN+ Will- rCorr
                  | Dex+3}
 10843 | D:9      | Paralysed by a hornet for 1 turns
 10846 | D:9      | Reached **** piety under Okawaru
 10847 | D:9      | Gained mutation: Your movements are less encumbered by
                  | armour. (ER -4) [demonic ancestry]
 10847 | D:9      | Reached XP level 10. HP: 64/74 MP: 14/14
 10878 | D:9      | Noticed Psyche
 10886 | D:9      | Cast into level 1 of the Abyss (Psyche)
 10996 | Abyss:1  | Noticed a large abomination
 11098 | Abyss:1  | Noticed a smoke demon
 11128 | Abyss:1  | Reached skill level 10 in Unarmed Combat
 11133 | Abyss:1  | Killed a smoke demon
 11193 | Abyss:1  | Reached ***** piety under Okawaru
 11215 | D:9      | Escaped the Abyss
 11224 | D:9      | Killed Psyche
 11235 | D:9      | Noticed Prince Ribbit
 11262 | D:9      | Noticed a two-headed ogre
 11273 | D:9      | Paralysed by a hornet for 3 turns
 11366 | D:9      | Found an ancient bone altar of Kikubaaqudgha.
 11430 | D:9      | Killed a two-headed ogre
 11431 | D:9      | Reached skill level 11 in Unarmed Combat
 11432 | D:9      | Killed Prince Ribbit
 11534 | D:9      | Found a transporter.
 11535 | D:9      | Noticed a moth of wrath
 11536 | D:9      | Noticed tonyyikes's ghost (novice SpCj)
 11553 | D:9      | Noticed a tengu warrior
 11556 | D:10     | Entered Level 10 of the Dungeon
 11776 | D:9      | Found a bloodstained altar of Trog.
 11943 | D:9      | Found a transporter.
 12029 | D:9      | Found a burning altar of Makhleb.
 12113 | D:10     | Noticed Grum
 12185 | D:10     | Killed Grum
 12305 | D:10     | Gained mutation: Your movements are significantly less
                  | encumbered by armour. (ER -6) [demonic ancestry]
 12305 | D:10     | Reached XP level 11. HP: 61/80 MP: 12/16
 12393 | D:10     | Found a staircase to the Lair.
 12603 | D:10     | Noticed Fannar
 12616 | D:10     | Killed Fannar
 12617 | D:10     | Reached skill level 12 in Unarmed Combat
 12714 | D:10     | Found Wuronn's Changing Room.
 12746 | D:10     | Identified a scroll of acquirement
 12746 | D:10     | Acquired 960 gold pieces
 13221 | D:2      | Bought the +1 pair of boots "Wuexkoab" {+Blink rF+ Will+
                  | Str+8} for 740 gold pieces
 13238 | D:2      | Bought the amulet of Doas {RegenMP rC+ Regen+ Int+3} for
                  | 603 gold pieces
 13566 | D:10     | Received a gift from Okawaru
 13771 | D:10     | Noticed Harold
 13782 | D:10     | Killed Harold
 13870 | D:11     | Noticed a tengu warrior
 14090 | D:11     | Reached skill level 13 in Unarmed Combat
 14148 | D:11     | Killed a tengu warrior
 14179 | D:11     | Found Gusitris's Book Emporium.
 14203 | D:11     | Found a staircase to the Orcish Mines.
 14478 | D:12     | Noticed a death knight
 14478 | D:12     | Noticed a skeletal warrior
 14478 | D:12     | Found Niulays's Antique Armour Emporium.
 14613 | D:11     | Killed a death knight
 14696 | D:12     | Received a gift from Okawaru
 14741 | D:12     | Noticed a boulder beetle
 14757 | D:12     | Killed a boulder beetle
 14795 | D:12     | Found Qamas Tuge's Assorted Antiques.
 14803 | D:12     | Bought a scroll labelled FEHE EGUZUOVU for 29 gold pieces
 14803 | D:12     | Bought a scroll labelled QEUD FYIFESU for 29 gold pieces
 14803 | D:12     | Bought an encrusted granite ring for 145 gold pieces
 14879 | D:12     | Reached XP level 12. HP: 65/88 MP: 16/19
 15101 | D:12     | Reached skill level 14 in Unarmed Combat
 15603 | D:13     | Found a frozen archway.
 15609 | IceCv    | Entered an ice cave
 15832 | IceCv    | Reached skill level 10 in Invocations
 15851 | IceCv    | Found an ancient bone altar of Kikubaaqudgha.
 16028 | IceCv    | Reached skill level 15 in Unarmed Combat
 16898 | D:13     | Gained mutation: Your touch may inflict irresistible damage
                  | on your foes. [demonic ancestry]
 16898 | D:13     | Reached XP level 13. HP: 93/95 MP: 20/20
 17064 | D:13     | Identified the +7 fustibalus of Deetue {speed, Contam rC+
                  | Int+7} (Okawaru gifted it to you on level 13 of the
                  | Dungeon)
 17064 | D:13     | Received a gift from Okawaru
 17333 | D:13     | Reached skill level 16 in Unarmed Combat
 17380 | D:14     | Acquired the +1 pair of gloves of Untold Secrets {SInv}
 17508 | D:14     | Received a gift from Okawaru
 17610 | D:14     | Found a gate leading to a gauntlet.
 17619 | Gauntlet | Entered a Gauntlet
 17619 | Gauntlet | Found a transporter.
 17619 | Gauntlet | Found a transporter.
 17633 | Gauntlet | Found a transporter.
 17633 | Gauntlet | Found a transporter.
 17636 | Gauntlet | Found a transporter.
 17636 | Gauntlet | Found a transporter.
 17638 | Gauntlet | Found a large runed translucent door.
 17639 | Gauntlet | Found a large runed translucent door.
 17640 | Gauntlet | Found a large runed translucent door.
 17640 | Gauntlet | Found a large runed translucent door.
 17640 | Gauntlet | Found a runed translucent door.
 17642 | Gauntlet | Found a large runed translucent door.
 17642 | Gauntlet | Found a large runed translucent door.
 17643 | Gauntlet | Found a large runed translucent door.
 17643 | Gauntlet | Found a large runed translucent door.
 17644 | Gauntlet | Found a runed translucent gate.
 17650 | Gauntlet | Found a transporter.
 17652 | Gauntlet | Found a transporter.
 17657 | Gauntlet | Noticed a quicksilver ooze
 17660 | Gauntlet | Found a transporter.
 17665 | Gauntlet | Found a transporter.
 17666 | Gauntlet | Found the amulet of the Four Winds {rN+ Will+++ Clar}
 17684 | Gauntlet | Found a transporter.
 17688 | Gauntlet | Found a transporter.
 17690 | Gauntlet | Found a runed translucent gate.
 17690 | Gauntlet | Found a runed translucent gate.
 17691 | Gauntlet | Found a large runed translucent door.
 17691 | Gauntlet | Found a large runed translucent door.
 17692 | Gauntlet | Found a large runed translucent door.
 17693 | Gauntlet | Found a large runed translucent door.
 17694 | Gauntlet | Found a large runed translucent door.
 17694 | Gauntlet | Found a large runed translucent door.
 17694 | Gauntlet | Found a runed translucent door.
 17695 | Gauntlet | Found a large runed translucent door.
 17696 | Gauntlet | Found a large runed translucent door.
 18227 | Gauntlet | Killed a quicksilver ooze
 18259 | Gauntlet | Identified the +1 hat of Death Resistance {Stlth+}
 18266 | Gauntlet | Identified the amulet of Cowardice {RegenMP rC++}
 18266 | Gauntlet | Noticed a minotaur
 18281 | Gauntlet | Killed a minotaur
 18282 | Gauntlet | Reached skill level 17 in Unarmed Combat
 18302 | Gauntlet | Identified the +1 ring mail of Dithmenos's Esteem {Int+3}
 18308 | Gauntlet | Identified the +0 pair of boots of Reason {rC+}
 18686 | D:14     | Found a gate to the Vaults.
 18810 | D:14     | Reached ****** piety under Okawaru
 18901 | D:15     | Entered Level 15 of the Dungeon
 18936 | D:15     | Identified the +6 spear of Law {antimagic, *Slow +Blink
                  | rElec Dex-5}
 19022 | D:15     | Noticed Azrael
 19043 | D:15     | Killed Azrael
 19066 | D:15     | Reached XP level 14. HP: 91/104 MP: 18/22
 19066 | D:15     | Noticed Kirke
 19070 | D:15     | Identified the +1 scale mail of the Lair of Beasts {+Blink
                  | Str+4} (Okawaru gifted it to you on level 15 of the
                  | Dungeon)
 19070 | D:15     | Received a gift from Okawaru
 19080 | D:15     | Killed Kirke
 19218 | D:15     | Found a staircase to the Depths.
 19218 | D:15     | Noticed a stone giant
 19230 | D:15     | Killed a stone giant
 19693 | D:15     | Reached skill level 18 in Unarmed Combat
 20142 | D:15     | Identified the +0 pair of boots of the Big Bang {+Blink Fly
                  | rPois Str-5}
 20221 | Orc:1    | Entered Level 1 of the Orcish Mines
 20345 | Orc:2    | Entered Level 2 of the Orcish Mines
 20347 | Orc:2    | Found a staircase to the Elven Halls.
 20882 | Orc:2    | Found Bootun Parae's Distillery.
 20882 | Orc:2    | Found Catoraz's Magic Scroll Shop.
 20882 | Orc:2    | Found Athrotimi's Distillery.
 20905 | Orc:2    | Found Adghe's Antique Armour Shop.
 20951 | Orc:2    | Bought a scroll of acquirement for 624 gold pieces
 20998 | Orc:2    | Gained mutation: Your magical capacity is low. (-10% MP) [a
                  | neqoxec]
 21003 | Orc:2    | Gained mutation: You are dopey. (Int -2) [a neqoxec]
 21004 | Orc:2    | Gained mutation: You tend to lose your temper in combat. [a
                  | neqoxec]
 21005 | Orc:2    | Gained mutation: You often lose your temper in combat. [a
                  | neqoxec]
 21008 | Orc:2    | Received a gift from Okawaru
 21009 | Orc:2    | Reached skill level 10 in Armour
 21484 | Orc:2    | Bought 2 potions of mutation for 256 gold pieces
 21486 | Orc:2    | Bought a potion of mutation for 96 gold pieces
 21486 | Orc:2    | Bought a potion of resistance for 120 gold pieces
 21489 | Orc:2    | Lost mutation: You are dopey. (Int -2) [potion of mutation]
 21489 | Orc:2    | Lost mutation: Your magical capacity is low. (-10% MP)
                  | [potion of mutation]
 21489 | Orc:2    | Gained mutation: You are robust. (+10% HP) [potion of
                  | mutation]
 21489 | Orc:2    | Gained mutation: You are agile. (Dex +2) [potion of
                  | mutation]
 21489 | Orc:2    | Gained mutation: You have sharp toenails. [potion of
                  | mutation]
 21489 | Orc:2    | Gained mutation: You are very robust. (+20% HP) [potion of
                  | mutation]
 21490 | Orc:2    | Lost mutation: You are agile. (Dex +2) [potion of mutation]
 21490 | Orc:2    | Lost mutation: You often lose your temper in combat.
                  | [potion of mutation]
 21490 | Orc:2    | Gained mutation: You have razor-sharp toenails. [potion of
                  | mutation]
 21491 | Orc:2    | Lost mutation: You tend to lose your temper in combat.
                  | [potion of mutation]
 21491 | Orc:2    | Lost mutation: You have razor-sharp toenails. [potion of
                  | mutation]
 21491 | Orc:2    | Lost mutation: You have sharp toenails. [potion of
                  | mutation]
 21491 | Orc:2    | Gained mutation: You have supernaturally acute eyesight.
                  | (SInv) [potion of mutation]
 21491 | Orc:2    | Gained mutation: You occasionally shout uncontrollably at
                  | your foes. [potion of mutation]
 21497 | Orc:2    | Acquired the ring "Qyll" {rPois Int+3 Slay+4}
 21572 | Lair:1   | Entered Level 1 of the Lair of Beasts
 21575 | Lair:1   | Noticed Nergalle
 21585 | Lair:1   | Killed Nergalle
 23090 | Lair:2   | Noticed siradein's ghost (journeyman DsCK)
 23093 | Lair:2   | Found a runed translucent door.
 23735 | Lair:2   | Killed siradein's ghost
 23830 | Lair:3   | Found a staircase to the Shoals.
 23843 | Lair:3   | Reached skill level 5 in Shields
 23855 | Lair:3   | Gained mutation: Your demonic aura sometimes causes spilled
                  | blood to erupt in flames. [demonic ancestry]
 23855 | Lair:3   | Reached XP level 15. HP: 113/135 MP: 24/24
 23913 | Lair:3   | Found a hole to the Spider Nest.
 24054 | Lair:3   | Noticed Esoa's ghost (journeyman DsMo)
 24139 | Lair:3   | Found a transporter.
 24215 | Lair:3   | Found a transporter.
 24233 | Lair:3   | You fall into a shaft and drop 3 floors!
 24233 | Lair:6   | Entered Level 6 of the Lair of Beasts
 24294 | Lair:6   | Reached skill level 19 in Unarmed Combat
 24571 | Lair:6   | Received a gift from Okawaru
 24726 | Lair:6   | Found a corrupted altar of Lugonu.
 24726 | Lair:6   | Found a one-way gate to the infinite horrors of the Abyss.
 25344 | Lair:6   | Acquired a +2 plate armour of cold resistance
 25851 | Lair:5   | Found a staircase to the Slime Pits.
 25851 | Lair:5   | Found a viscous altar of Jiyva.
 26037 | Lair:5   | Found an opulent altar of Gozag.
 26153 | Lair:5   | Identified the +1 crystal plate armour of the First Snow
                  | {Will+} (Okawaru gifted it to you on level 5 of the Lair of
                  | Beasts)
 26153 | Lair:5   | Received a gift from Okawaru
 26959 | Lair:4   | Reached skill level 10 in Fighting
 27337 | Lair:5   | Reached skill level 20 in Unarmed Combat
 27431 | Lair:5   | Gained mutation: Your demonic aura often causes spilled
                  | blood to erupt in flames. [demonic ancestry]
 27431 | Lair:5   | Reached XP level 16. HP: 107/146 MP: 22/25
 28355 | Lair:3   | Killed Esoa's ghost
 28394 | Lair:3   | Lost mutation: You are very robust. (+20% HP) [potion of
                  | mutation]
 28394 | Lair:3   | Lost mutation: You are robust. (+10% HP) [potion of
                  | mutation]
 28394 | Lair:3   | Lost mutation: You have supernaturally acute eyesight.
                  | (SInv) [potion of mutation]
 28394 | Lair:3   | Gained mutation: You are weak. (Str -2) [potion of
                  | mutation]
 28394 | Lair:3   | Gained mutation: Potions are less effective at restoring
                  | your health. [potion of mutation]
 28394 | Lair:3   | Lost mutation: You are weak. (Str -2) [potion of mutation]
 28395 | Lair:3   | Lost mutation: You occasionally shout uncontrollably at
                  | your foes. [potion of mutation]
 28395 | Lair:3   | Lost mutation: Potions are less effective at restoring your
                  | health. [potion of mutation]
 28395 | Lair:3   | Gained mutation: Your spells are a little harder to cast,
                  | but a little more powerful. [potion of mutation]
 28395 | Lair:3   | Gained mutation: You have supernaturally acute eyesight.
                  | (SInv) [potion of mutation]
 28396 | Lair:3   | Lost mutation: Your spells are a little harder to cast, but
                  | a little more powerful. [potion of mutation]
 28396 | Lair:3   | Lost mutation: You have supernaturally acute eyesight.
                  | (SInv) [potion of mutation]
 28396 | Lair:3   | Gained mutation: You have large cloven feet. [potion of
                  | mutation]
 28397 | Lair:3   | Lost mutation: You have large cloven feet. [potion of
                  | mutation]
 28397 | Lair:3   | Gained mutation: Your spells are a little harder to cast,
                  | but a little more powerful. [potion of mutation]
 28397 | Lair:3   | Gained mutation: You have an increased reservoir of magic.
                  | (+10% MP) [potion of mutation]
 28496 | Spider:1 | Entered Level 1 of the Spider Nest
 28706 | Spider:1 | Identified the +0 scale mail of the Zebra {rElec rF+++ rN++
                  | Stlth-} (Okawaru gifted it to you on level 1 of the Spider
                  | Nest)
 28706 | Spider:1 | Received a gift from Okawaru
 28902 | Elf:1    | Entered Level 1 of the Elven Halls
 28922 | Elf:1    | Found a radiant altar of Vehumet.
 29339 | Spider:1 | Noticed Nikola
 29356 | Spider:1 | Killed Nikola
 30104 | Spider:2 | Noticed Arachne
 30111 | Spider:2 | Identified the +2 kite shield "Woty" {Stlth+}
 30111 | Spider:2 | Noticed Asterion
 30113 | Arena    | Entered the Arena
 30117 | Arena    | Killed Arachne
 30118 | Arena    | Reached skill level 1 in Throwing
 30150 | Spider:2 | Noticed an Executioner
 30868 | Spider:2 | Killed Asterion
 30868 | Spider:2 | Received a gift from Okawaru
 31006 | Spider:2 | Received a gift from Okawaru
 31476 | Spider:3 | Received a gift from Okawaru
 32348 | Spider:3 | Identified the +1 rapier of the Dungeon {flame, Contam
                  | rPois Will+ Int+3}
 32759 | Spider:4 | Entered Level 4 of the Spider Nest
 32969 | Spider:4 | Gained mutation: Your demonic aura causes all spilled blood
                  | to erupt in flames. [demonic ancestry]
 32969 | Spider:4 | Reached XP level 17. HP: 108/131 MP: 28/28
 33132 | Spider:4 | Reached skill level 10 in Shields
 33213 | Spider:4 | Noticed Aizul
 33227 | Spider:4 | Killed Aizul
 33380 | Spider:4 | Received a gift from Okawaru
 33807 | Spider:4 | Got a gossamer rune of Zot
 34096 | Shoals:1 | Entered Level 1 of the Shoals
 34221 | Shoals:1 | Reached skill level 5 in Throwing
 34230 | Shoals:1 | Cast into level 3 of the Abyss (merfolk)
 34263 | Abyss:3  | Found a corrupted altar of Lugonu.
 34531 | Abyss:3  | Received a gift from Okawaru
 34577 | Abyss:3  | Received a gift from Okawaru
 34614 | Abyss:3  | Noticed a bone dragon
 34627 | Abyss:3  | Killed a bone dragon
 34734 | Shoals:1 | Escaped the Abyss
 35894 | Shoals:1 | Identified the +7 rapier of the Shark {antimagic, rElec
                  | rN+++ rCorr Str-2}
 35894 | Shoals:1 | Identified the +1 ring mail of Keeropru {-Cast rElec rC++
                  | Stlth+}
 35935 | Shoals:2 | Noticed Ilsuiw
 35959 | Shoals:2 | HP: 4/135 [merfolk javelineer/javelin (4)]
 35963 | Shoals:2 | Identified the +1 ring mail of Indomitability {Int+5}
                  | (Okawaru gifted it to you on level 2 of the Shoals)
 35963 | Shoals:2 | Received a gift from Okawaru
 35964 | Shoals:2 | Gained mutation: Your touch may irresistibly damage your
                  | foes and sap their willpower. [demonic ancestry]
 35964 | Shoals:2 | Reached XP level 18. HP: 17/142 MP: 9/29
 36128 | Shoals:2 | Killed Ilsuiw
 36173 | Shoals:2 | Noticed Mlioglotl
 36191 | Shoals:2 | Killed Mlioglotl
 36312 | Shoals:2 | Identified the ring of Riogeggant {rN+ MP+9 Str+6 Dex+3}
 36325 | Shoals:2 | Identified the +1 scale mail of the Ant {rF+ rC+ rN+}
 36742 | Shoals:2 | Noticed Polyphemus
 36752 | Shoals:2 | Killed Polyphemus
 37555 | Shoals:3 | Received a gift from Okawaru
 37813 | Shoals:3 | Received a gift from Okawaru
 38077 | Shoals:4 | Entered Level 4 of the Shoals
 38180 | Shoals:4 | Identified the +1 robe "Soemooz" {Fly rPois Dex+3 Slay-4}
 38337 | Shoals:4 | Received a gift from Okawaru
 38702 | Shoals:4 | Identified the +10 plate armour of the Well-Known Spirits
                  | {Harm rElec Dex+7} (Okawaru gifted it to you on level 4 of
                  | the Shoals)
 38702 | Shoals:4 | Received a gift from Okawaru
 38902 | Shoals:4 | Got a barnacled rune of Zot
 39434 | Slime:1  | Entered Level 1 of the Pits of Slime
 39788 | D:2      | Bought a ring of resist corrosion for 240 gold pieces
 40018 | Elf:1    | Gained mutation: Your magical and physical power is
                  | slightly enhanced at high health. [demonic ancestry]
 40018 | Elf:1    | Reached XP level 19. HP: 125/150 MP: 30/30
 40136 | Elf:1    | Reached skill level 1 in Evocations
 40398 | Elf:1    | Reached skill level 15 in Armour
 40458 | Elf:1    | Found Uqest's Assorted Antiques.
 40515 | Elf:1    | Found Pikonwa's General Store.
 40520 | Elf:1    | Found Wuew's Assorted Antiques.
 40533 | Elf:1    | Bought a twitching copper ring for 165 gold pieces
 40533 | Elf:1    | Identified the ring of Greed {AC+4 Slay+4 Stlth+} (You
                  | bought it in a shop on level 1 of the Elven Halls)
 40559 | Elf:1    | Found Counn's Distillery.
 40569 | Elf:1    | Bought a potion of heal wounds for 60 gold pieces
 40569 | Elf:1    | Bought 2 potions of heal wounds for 120 gold pieces
 40569 | Elf:1    | Bought a potion of mutation for 96 gold pieces
 40685 | Elf:1    | Found Ememea's Magic Scroll Emporium.
 40708 | Elf:1    | Bought a scroll of acquirement for 832 gold pieces
 40986 | Elf:2    | Found a runed translucent gate.
 40987 | Elf:2    | Found a runed translucent gate.
 40987 | Elf:2    | Found a runed translucent gate.
 41243 | Elf:2    | Received a gift from Okawaru
 41741 | Elf:2    | Acquired a +2 kite shield of poison resistance
 41876 | Elf:2    | Acquired a manual of Fighting
 42329 | Elf:3    | Entered Level 3 of the Elven Halls
 42466 | Elf:3    | Reached skill level 10 in Throwing
 42570 | Elf:3    | Identified the +8 halberd of Neetwih {flame, rElec rPois
                  | Str-2 Stlth+}
 42636 | Elf:3    | Received a gift from Okawaru
 42701 | Elf:3    | Identified the +11 hunting sling of Eblic {freeze, Int+7}
 42710 | Elf:3    | Identified the +2 buckler of Focus {rF++}
 43306 | Elf:3    | Found Imois's Armour Shop.
 43323 | Elf:3    | Lost mutation: You have an increased reservoir of magic.
                  | (+10% MP) [potion of mutation]
 43323 | Elf:3    | Lost mutation: Your spells are a little harder to cast, but
                  | a little more powerful. [potion of mutation]
 43323 | Elf:3    | Gained mutation: You are dopey. (Int -2) [potion of
                  | mutation]
 43323 | Elf:3    | Gained mutation: You have an increased reservoir of magic.
                  | (+10% MP) [potion of mutation]
 43572 | Lair:5   | HP: 5/150 [acid blob (15)]
 43572 | Lair:5   | Splashed by an acid blob's acid

Illustrated notes

Levels and vault maps discovered:
D:1:      minmay_arrival_plants_in_alcoves, layout_basic, serial_shops,
          nicolae_shop_crystal, minmay_curled_crystal
D:2:      layout_basic, serial_shops, shop, shop,
          nicolae_shop_bloodbath_and_beyond, basic_altar, amethyst_killhole
D:3:      layout_basic, st_stairs_1, nrook_campfire
D:4:      kb_forest_paths, layout_cave_pods, okawaru_metal_pillars_3,
          mainiacjoe_overflow_catwalk, gup_sewer_entry_bubbles, serial_rivers,
          chequers_serial_rivers_micro_c, chequers_serial_rivers_small_b,
          chequers_serial_rivers_micro_a, chequers_serial_rivers_small_b,
          chequers_serial_rivers_micro_d
D:5:      layout_basic, mainiacjoe_overflow_surrounded_room,
          mainiacjoe_overflow_alcove_4, mainiacjoe_overflow_24_doors,
          temple_doors_cd
D:6:      layout_basic, nicolae_overflow_hidden_temple, lemuel_crystal_altar,
          uniq_grinder
D:7:      layout_loops_ring, pdpol_temple_overflow_zin_treasury_gozag_greed,
          nicolae_hepliaklqana_hippocampus, grunt_decor_one_mirror, uniq_maggie
D:8:      gammafunk_jiyva_shrine, layout_layer_cave,
          mainiacjoe_overflow_cross_hatched, serial_shops, shop
D:9:      layout_rooms, mainiacjoe_overflow_alcove_1, tgw_kikubaaqudgha,
          nicolae_tso_swordbearing_angel, gammafunk_ghost_wrathful_warriors,
          uniq_psyche, uniq_prince_ribbit1
D:10:     layout_basic, dpeg_oklobed_lair, nicolae_transmutations_shop,
          uniq_fannar, uniq_harold, uniq_grum
D:11:     layout_cave_pools, orc_0_dummy, serial_shops, shop
D:12:     layout_cave_pools, serial_shops, shop_statue, shop
D:13:     layout_roguey, portal_ice_cave_entry_pillars_1, minivault_16
D:14:     layout_basic, david_vaults_4, fountainhead, gauntlet_entry_generic,
          serial_bayou_ford_a
D:15:     grunt_enter_depths_snipers, layout_cave_pods,
          minmay_fractal_squares_gapless_5, uniq_azrael, uniq_kirke
Temple:   corrupted_temple
Lair:1:   layout_hall_layers, grunt_megastairs_2, uniq_nergalle
Lair:2:   minmay_lair_oklob_chamber, layout_hall_layers,
          hellmonk_ghost_happy_afterlife
Lair:3:   layout_chaotic_city, elwin_shoals_entry_stream,
          spider_nest_entry_webs, gammafunk_ghost_hive
Lair:4:   lemuel_reptile_caves, layout_gridlike
Lair:5:   layout_concentric_octagons, slime_altar_1, basic_altar, special_room
          [special_room_mythical_zoo], kennysheep_abandoned_house
Lair:6:   hellmonk_lair_end_abyssal_woods, layout_hall_layers,
          grunt_megastairs_3
Shoals:1: cheibrodos_shoals_oceanic_diplomacy, layout_shoals,
          nicolae_shoals_water_booths
Shoals:2: layout_shoals, nicolae_shoals_spectral_cove, uniq_polyphemus,
          uniq_mlioglotl, uniq_ilsuiw
Shoals:3: layout_shoals, abandoned_shop, nicolae_shoals_shepherds
Shoals:4: shoals_end_grunt_ice, layout_shoals
Spider:1: layout_spider_delve, uniq_nikola
Spider:2: layout_spider_delve, nicolae_orb_island, nicolae_spider_cling_halls,
          uniq_arachne, uniq_asterion
Spider:3: layout_chambers, guppyfry_spider_mini_1
Spider:4: grunt_spider_rune_parallel, uniq_aizul
Slime:1:  layout_caves, cheibrodos_slime_lost_civilization_7
Orc:1:    layout_diamond_mine, nicolae_shop_clearance
Orc:2:    st_orc_mages, layout_caves, bh_open_orc_temple
Elf:1:    eino_elf_arrival_altar, layout_gridlike, serial_shops, shop,
          nicolae_square_shop, nicolae_shop_overgrown_old_shop, shop, shop,
          hangedman_elf_disciples
Elf:2:    nicolae_elf_blades_crystal_corner, layout_geoelf_octagon
Elf:3:    minmay_elf_hall_quartered_circle, layout_onion_city, serial_shops,
          shop, hangedman_elven_ridges, minmay_strange_pillars

Skill      XL: |  1  2  3  4  5  6  7  8  9 10 11 12 13 14 15 16 17 18 19 |
---------------+----------------------------------------------------------+-----
Armour         | 3 4 5 6 7 8 9 10 11 12 13 14 15 | 15.5
Shields        | 3 4 5 7 9 12 13 14 | 14.6
Unarmed Combat | 1 2 4 7 9 11 13 15 17 18 20 | 20.0
Invocations    | 1 2 3 5 6 7 9 10 11 12 | 12.0
Fighting       | 4 5 6 7 9 10 11 12 13 14 | 14.4
Throwing       | 4 6 9 10 | 10.9
Evocations     | 4 |  4.3
Axes           | |  1.8

Action                   |  1- 3 |  4- 6 |  7- 9 | 10-12 | 13-15 | 16-18 | 19-21 || total
-------------------------+-------+-------+-------+-------+-------+-------+-------++-------
Melee: War axe           |   133 |   230 |       |       |       |       |       ||   363
       Unarmed           |    38 |   117 |   551 |   760 |  1448 |  1538 |   225 ||  4677
Throw: Boomerang         |       |    20 |    19 |    25 |       |   183 |    87 ||   334
       Dart              |       |       |       |    17 |    10 |    39 |       ||    66
       Throwing net      |       |       |       |     1 |     3 |     7 |       ||    11
       Javelin           |       |       |       |       |       |    11 |       ||    11
Invok: Heroism           |       |     2 |    14 |    31 |    20 |    28 |     8 ||   103
       Finesse           |       |       |       |     4 |     1 |     5 |     2 ||    12
       Duel              |       |       |       |       |       |     1 |       ||     1
Evoke: Wand              |       |       |     2 |       |     1 |       |       ||     3
  Use: Scroll            |     4 |     5 |     3 |    14 |    11 |    14 |     4 ||    55
       Potion            |       |     3 |     3 |     2 |     3 |    14 |     2 ||    27
 Stab: Held in net/web   |       |       |       |       |     1 |       |       ||     1
       Petrified         |       |       |       |       |     3 |       |       ||     3
       Invisible         |       |       |       |       |       |     2 |       ||     2
Armor: Scale mail        |    86 |    92 |       |       |       |       |       ||   178
       Skin              |       |    53 |       |       |       |       |       ||    53
       Chain mail        |       |    50 |   277 |   275 |       |       |       ||   602
       Plate armour      |       |       |       |   110 |   730 |   579 |   155 ||  1574
       Crystal plate arm |       |       |       |       |     6 |   865 |       ||   871
Dodge: Dodged            |    83 |   181 |   204 |   328 |   572 |   969 |    80 ||  2417
       Repelled          |       |       |       |       |       |     1 |       ||     1
Block: Buckler           |    41 |   100 |   130 |   181 |   346 |   672 |    98 ||  1568
       Tower shield      |       |       |       |       |    49 |       |       ||    49

Table legend: (Time is in decaauts)
 A = Elapsed time spent in this place.
 B = Non-inter-level travel time spent in this place.
 C = Inter-level travel time spent in this place.
 D = Time resting spent in this place.
 E = Time spent auto-exploring this place.
 F = Levels seen in this place.
 G = Mean time per level.
                   A        B        C        D        E       F      G
               +--------+--------+--------+--------+--------+-----+--------+
         Total |  42751 |  39203 |   3548 |   4698 |  22762 |  42 | 1017.9 |
       Dungeon |  17844 |  16055 |   1789 |   2240 |   9719 |  15 | 1189.6 |
        Temple |     38 |     27 |     11 |      0 |     21 |   1 |   38.0 |
          Lair |   7394 |   6573 |    821 |    315 |   4781 |   6 | 1232.3 |
        Shoals |   4664 |   4557 |    107 |    324 |   2527 |   4 | 1166.0 |
   Spider Nest |   4947 |   4549 |    398 |    574 |   2473 |   4 | 1236.8 |
    Slime Pits |     84 |     82 |      2 |     43 |      1 |   1 |   84.0 |
  Orcish Mines |   1590 |   1369 |    221 |    225 |    640 |   2 |  795.0 |
   Elven Halls |   2955 |   2757 |    198 |    118 |   1734 |   3 |  985.0 |
         Abyss |    790 |    790 |      0 |    307 |    135 |   2 |  395.0 |
         Sewer |    849 |    849 |      0 |    181 |    304 |   1 |  849.0 |
      Ice Cave |    879 |    879 |      0 |    210 |    224 |   1 |  879.0 |
      Gauntlet |    686 |    686 |      0 |    142 |    202 |   1 |  686.0 |
         Arena |     26 |     26 |      0 |     18 |      0 |   1 |   26.0 |
               +--------+--------+--------+--------+--------+-----+--------+

Top non-repeatable levels by time:
     D:3: 1929 daAuts
     D:4: 1605 daAuts
    D:10: 1531 daAuts
  Lair:6: 1438 daAuts
     D:8: 1434 daAuts
Spider:3: 1414 daAuts
   Orc:2: 1403 daAuts
  Lair:1: 1331 daAuts
     D:2: 1323 daAuts
Shoals:1: 1316 daAuts
Shoals:4: 1252 daAuts
Spider:2: 1235 daAuts
     D:7: 1232 daAuts
     D:6: 1231 daAuts
  Lair:3: 1221 daAuts
